 Dungeon Crawl Stone Soup version 0.18-a0-1426-g3b9a63c (webtiles) character file.

5281 chei the Carver (level 10, -4/88 HPs)
             Began as a Naga Fighter on Feb 27, 2016.
             Was a Priest of Okawaru.
             Splashed by Erica's acid (9 damage)
             ... on level 9 of the Dungeon.
             The game lasted 00:17:52 (10424 turns).

chei the Carver (Naga Fighter)                     Turns: 10424, Time: 00:17:52

Health: -4/88      AC:  9    Str: 19    XL:     10   Next: 63%
Magic:  11/11      EV: 10    Int: 12    God:    Okawaru [***...]
Gold:   504        SH: 13    Dex: 10    Spells: 0 memorised, 9 levels left

rFire  + . .     SeeInvis +     a - +1 long sword
rCold  + . .     Gourm    .     H - +2 ring mail {rC+}
rNeg   . . .     Faith    .     c - +0 shield
rPois  +         Spirit   .     e - +2 hat
rElec  .         Dismiss  .     (no cloak)
rCorr  .         Reflect  +     h - +1 pair of gloves
SustAt .         Harm     .     (no barding)
MR     +....     Rnd*Tele +     p - +3 amulet of reflection
Stlth  +.........               C - ring of protection from fire
                                G - ring of teleportation (curse)

@: lethally poisoned (-4 -> -6), corroded equipment, slowed, very slow, somewhat
resistant to hostile enchantments, very unstealthy
A: see invisible, clever 1, clumsy 1, deformed body, poison resistance, slowness
2, slow metabolism 1, spit poison 3, AC +3
a: Breathe Poison Gas, Heroism, Renounce Religion


You were on level 9 of the Dungeon.
You worshipped Okawaru.
Okawaru was most pleased with you.
You were very hungry.

You visited 2 branches of the dungeon, and saw 10 of its levels.

You collected 504 gold pieces.

Inventory:

Hand Weapons
 a - a +1 long sword (weapon)
 x - a +0 blowgun
Armour
 c - a +0 shield (worn)
 e - a +2 hat (worn)
 h - a +1 pair of gloves (worn)
 H - a +2 ring mail of cold resistance (worn)
Jewellery
 g - an uncursed ring of positive energy
 l - an uncursed ring of fire
 m - an uncursed amulet of regeneration
 p - a +3 amulet of reflection (around neck)
 A - an uncursed ring of ice
 C - a ring of protection from fire (right hand)
 G - a cursed ring of teleportation (left hand)
Wands
 i - a wand of lightning (11/15)
 y - a wand of acid (6/15)
 F - a wand of iceblast (5/15)
Scrolls
 j - a scroll of enchant armour
 u - 2 scrolls of blinking
 D - a scroll of fear
 I - 2 scrolls of identify
Potions
 b - a potion of might
 d - a potion of brilliance
 k - a potion of mutation
 r - 3 potions of curing
 t - a potion of magic
 w - 3 potions of haste
 z - a potion of ambrosia
 B - a potion of degeneration
Books
 E - the Catalogue of Transmigration
   (You found it on level 5 of the Dungeon)

   Spells                             Type                      Level
   a - Beastly Appendage              Transmutation                1
   b - Sticks to Snakes               Transmutation                2
   c - Alistair's Intoxication        Transmutation/Poison         5
   d - Hydra Form                     Transmutation                6
Comestibles
 f - 5 bread rations
 n - 3 meat rations
 o - 3 beef jerkies
 q - 10 fruits


   Skills:
 + Level 5.1 Fighting
 * Level 8.2 Long Blades
 + Level 5.3 Armour
 + Level 6.0 Dodging
 - Level 1.4 Stealth
 + Level 7.1 Shields
 * Level 2.6 Invocations


You had 9 spell levels left.
You didn't know any spells.

Dungeon Overview and Level Annotations

Branches:
Dungeon (9/15)             Temple (1/1) D:7
   Lair: D:8-11         Orc: D:9-12

Altars:
Ashenzari
Cheibriados
Dithmenos
Elyvilon
Fedhas
Gozag
Kikubaaqudgha
Makhleb
Nemelex Xobeh
Okawaru
Pakellas
Qazlal
Ru
Sif Muna
Trog
Vehumet
Xom
Yredelemnul
Zin
The Shining One

Shops:
D:8 =

Annotations:
D:9 Erica


Innate Abilities, Weirdness & Mutations

You cannot wear boots.
Your serpentine skin is tough (AC +3).
You have supernaturally acute eyesight.
Armour fits poorly on your strangely shaped body.
Your system is resistant to poisons.
You cover ground very slowly.
You have a slow metabolism.
You can exhale a cloud of poison.
Your mind is acute. (Int +2)
You are clumsy. (Dex -2)


Message History

Unknown command.
You are too injured to fight recklessly!
Unknown command.
You are too injured to fight recklessly!
Unknown command.
You are too injured to fight recklessly!
You closely miss Erica.
Erica is severely wounded.
You feel sick.
Erica hits you with a scimitar of flaming.
* * * LOW HITPOINT WARNING * * *
Erica burns you.
* * * LOW HITPOINT WARNING * * *
You slash Erica!
Erica is almost dead.
You feel sick. You block Erica's attack.
Erica zaps a wand.
The bolt of acid hits you!
* * * LOW HITPOINT WARNING * * *
The acid corrodes you!
The acid burns!
You die...

......#######.........#
####### #.........#
#.........# #.....#...#
#.....#...# #(........#
#.........# #.........#
#...@.....# #...@###..#
#....# #..# #....# #..#
#....###..# ########
#.........# .......#
#.........# .....#.#
#.........# .....#.#
#...(.....#


You could see Erica (invisible).

Vanquished Creatures
  Joseph (D:9)
  The ghost of ConnectionFaild the Reanimator, a novice DDNe (D:4)
  4 polar bears (D:8)
  Grinder (D:6)
  A two-headed ogre (D:9)
  A wyvern (D:8)
  Sigmund (D:2)
  A wolf (D:8)
  Edmund (D:5)
  An ice beast (D:6)
  A sky beast (D:5)
  A necrophage (D:8)
  A phantom (D:9)
  A black bear (D:9)
  An orc warrior (D:3)
  5 ogres
  3 centaurs
  2 giant frogs
  A wyvern skeleton (D:8)
  A scorpion (D:6)
  A water moccasin skeleton (D:9)
  5 killer bees (D:9)
  4 crimson imps
  6 hounds
  A quasit (D:5)
  3 jellies
  2 orc wizards
  A giant frog skeleton (D:7)
  2 orc priests
  2 iguanas
  2 centaur skeletons
  6 worker ants
  A hound zombie (D:6)
  A hound skeleton (D:9)
  10 adders
  A shadow imp (D:8)
  2 white imps (D:8)
  4 ufetubi (D:8)
  2 oozes (D:4)
  5 worms
  A dart slug (D:2)
  An adder simulacrum (D:8)
  10 giant geckos
  16 orcs
  10 bats
  3 bat zombies (D:2)
  5 giant cockroaches
  11 goblins
  8 hobgoblins
  7 jackals
  4 quokkas
  3 ball pythons
  A giant gecko skeleton (D:4)
  A giant gecko zombie (D:5)
  2 giant newts (D:1)
  A jackal skeleton (D:4)
  7 kobolds
  2 quokka simulacra (D:8)
  13 rats
  2 rat zombies (D:2)
199 creatures vanquished.

Vanquished Creatures (others)
  A centaur (D:8)
1 creature vanquished.

Grand Total: 200 creatures vanquished

Notes
Turn   | Place    | Note
--------------------------------------------------------------
     0 | D:1      | chei the Naga Fighter began the quest for the Orb.
     0 | D:1      | Reached XP level 1. HP: 21/21 MP: 1/1
   314 | D:1      | Reached XP level 2. HP: 26/28 MP: 2/2
   582 | D:1      | Reached XP level 3. HP: 32/34 MP: 3/3
   914 | D:2      | Reached skill level 1 in Dodging
  1087 | D:2      | Found a shimmering altar of Xom.
  1101 | D:2      | Noticed Sigmund
  1117 | D:2      | Killed Sigmund
  1117 | D:2      | Reached skill level 3 in Long Blades
  1117 | D:2      | Reached XP level 4. HP: 11/42 MP: 4/4
  1117 | D:2      | Reached XP level 5. HP: 12/49 MP: 5/5
  1423 | D:2      | Found an ancient bone altar of Kikubaaqudgha.
  1640 | D:2      | Found an opulent altar of Gozag.
  1784 | D:2      | Found a shadowy altar of Dithmenos.
  1990 | D:3      | Reached XP level 6. HP: 56/56 MP: 6/6
  1995 | D:3      | Noticed an orc warrior
  2021 | D:3      | HP: 2/56 [orc warrior/hand axe (10)]
  2030 | D:3      | Killed an orc warrior
  2299 | D:3      | Reached skill level 4 in Long Blades
  2804 | D:3      | Found a deep blue altar of Sif Muna.
  2927 | D:3      | Reached XP level 7. HP: 56/62 MP: 7/7
  3580 | D:4      | Noticed ConnectionFaild's ghost (novice DDNe)
  4177 | D:4      | Killed ConnectionFaild's ghost
  4177 | D:4      | Reached skill level 5 in Long Blades
  4177 | D:4      | Reached XP level 8. HP: 36/72 MP: 8/8
  4498 | D:5      | Entered Level 5 of the Dungeon
  4522 | D:5      | Found a glowing golden altar of the Shining One.
  4593 | D:5      | Found an oddly glowing altar of Pakellas.
  4660 | D:5      | Found an iron altar of Okawaru.
  4666 | D:5      | Became a worshipper of Warmaster Okawaru
  4707 | D:5      | Gained mutation: You are clumsy. (Dex -2) [mutagenic meat]
  4708 | D:5      | Gained mutation: You can exhale a cloud of poison. [mutagenic meat]
  4709 | D:5      | Gained mutation: You are resistant to hostile enchantments. [mutagenic meat]
  4710 | D:5      | Lost mutation: You are resistant to hostile enchantments. [mutagenic meat]
  4711 | D:5      | Gained mutation: Your mind is acute. (Int +2) [mutagenic meat]
  4770 | D:5      | Found a stormy altar of Qazlal.
  4793 | D:5      | Identified the Catalogue of Transmigration
  5015 | D:5      | Reached skill level 1 in Stealth
  5069 | D:5      | Reached skill level 5 in Shields
  5396 | D:5      | Noticed Edmund
  5402 | D:5      | Killed Edmund
  5402 | D:5      | Reached * piety under Okawaru
  5622 | D:6      | Reached skill level 6 in Long Blades
  5622 | D:6      | Reached XP level 9. HP: 76/78 MP: 9/9
  6041 | D:6      | Noticed Grinder
  6066 | D:6      | Killed Grinder
  6320 | D:7      | Found a shattered altar of Ashenzari.
  6690 | D:7      | Found a staircase to the Ecumenical Temple.
  6776 | Temple   | Entered the Ecumenical Temple
  7534 | D:8      | Noticed a polar bear
  7541 | D:8      | Killed a polar bear
  7541 | D:8      | Reached ** piety under Okawaru
  7541 | D:8      | Reached skill level 7 in Long Blades
  7541 | D:8      | Reached skill level 5 in Dodging
  7551 | D:8      | Noticed a polar bear
  7586 | D:8      | Killed a polar bear
  7586 | D:8      | Reached skill level 5 in Armour
  7659 | D:8      | Noticed a polar bear
  7670 | D:8      | Killed a polar bear
  8093 | D:8      | Noticed a polar bear
  8100 | D:8      | Killed a polar bear
  8100 | D:8      | Reached XP level 10. HP: 84/87 MP: 10/10
  8313 | D:8      | Found a basalt altar of Yredelemnul.
  8313 | D:8      | Found a bloodstained altar of Trog.
  8646 | D:8      | Found Dimpoll's Jewellery Boutique.
  8663 | D:8      | Reached *** piety under Okawaru
  8663 | D:8      | Reached skill level 1 in Invocations
  9295 | D:9      | Reached skill level 8 in Long Blades
  9296 | D:9      | Reached skill level 5 in Fighting
  9515 | D:9      | Noticed Joseph
  9516 | D:9      | Noticed Erica
  9538 | D:9      | HP: 1/88 [acid (14)]
 10379 | D:9      | Killed Joseph
 10424 | D:9      | Splashed by Erica's acid

Vault maps used:
D:1:      dpeg_arrival_concentric_ovals
D:2:      lemuel_round_altar, lemuel_zombie_altar_kikubaaqudgha,
          nicolae_gozag_seed_capital, lemuel_crystal_altar, first_bread,
          uniq_sigmund
D:3:      lemuel_blue_sif_altar, hangedman_feature_mirror,
          minmay_stone_trees_small
D:5:      okawaru_ov_weapons_minmay, lemuel_crystal_altar,
          nicolae_tso_swordbearing_angel, lemuel_round_altar,
          serial_bayou_pond_d, uniq_edmund
D:6:      uniq_grinder
D:7:      evilmike_ruin_ashenzari, minmay_temple_entry_mist
D:8:      gammafunk_temple_overflow_elements, serial_ice, serial_ice_m,
          serial_ice_l, serial_ice_o, serial_ice_n, serial_ice_h, serial_ice_b,
          serial_ice_c, serial_ice_a, serial_ice_d, serial_ice_e, serial_shops,
          shop
D:9:      grunt_ogre_cave, uniq_joseph, uniq_erica
Temple:   nicolae_temple_figure_zero

Skill      XL: |  1  2  3  4  5  6  7  8  9 10 |
---------------+-------------------------------+-----
Dodging        | 1 2 3 4 5 6 |  6.0
Long Blades    | 3 4 5 6 7 8 |  8.2
Shields        | 3 4 5 6 7 |  7.1
Armour         | 3 4 5 |  5.3
Fighting       | 4 5 |  5.1
Stealth        | 1 |  1.4
Invocations    | 2 |  2.6

Action                   |  1- 3 |  4- 6 |  7- 9 | 10-12 || total
-------------------------+-------+-------+-------+-------++-------
Melee: Long sword        |   108 |   187 |   445 |   181 ||   921
 Abil: Breathe Poison Ga |       |       |     7 |     9 ||    16
Evoke: Wand              |       |       |       |     2 ||     2
  Use: Potion            |     1 |     4 |     1 |     3 ||     9
       Scroll            |       |     4 |     3 |    13 ||    20
  Eat: Chunk             |       |     5 |    16 |     4 ||    25
       Beef jerky        |       |       |     2 |     3 ||     5
